 Dungeon Crawl Stone Soup version 0.20.1-1-g8b1a95d (webtiles) character file.

329 Llamatron the Insei (level 6, -4/38 HPs)
             Began as an Octopode Transmuter on July 14, 2017.
             Was an Initiate of Jiyva.
             Killed from afar by an orc wizard (10 damage)
             ... with a puff of flame
             ... on level 4 of the Dungeon.
             The game lasted 00:07:17 (4466 turns).

Llamatron the Insei (Octopode Transmuter)           Turns: 4466, Time: 00:07:18

Health: -4/38      AC:  1    Str:  9    XL:     6   Next: 51%
Magic:  9/9        EV: 15    Int: 16    God:    Jiyva [......]
Gold:   148        SH:  0    Dex: 14    Spells: 3/9 levels left

rFire    . . .     SeeInvis .     - Unarmed
rCold    . . .     Gourm    .   (no shield)
rNeg     . . .     Faith    .   (helmet restricted)
rPois    .         Spirit   .   (no amulet)
rElec    .         Reflect  .   (no ring)
rCorr    .         Harm     .   (no ring)
MR       .....                  (no ring)
Stlth    ++........             (no ring)
Regen    0.2/turn               (no ring)
MPRegen  0.2/turn               (no ring)
                                (no ring)
                                (no ring)

@: confused, hasted, very quick
A: almost no armour, stealthy swim, amphibious, 8 rings, constrict 8, camouflage
1, gelatinous body 1
a: Renounce Religion


You were on level 4 of the Dungeon.
You worshipped Jiyva.
Jiyva was noncommittal.
You were not hungry.

You visited 2 branches of the dungeon, and saw 5 of its levels.

You collected 148 gold pieces.

Inventory:

Missiles
 a - 82 arrows
 n - 74 stones (quivered)
Potions
 d - a potion of lignification
 e - 2 potions of haste
 h - a potion of agility {unknown}
 j - 2 potions of curing {unknown}
 k - a potion of ambrosia {unknown}
 p - a potion of mutation {unknown}
 r - a potion of flight {unknown}
Books
 b - a book of Changes

   Spells                             Type                      Level
   a - Beastly Appendage              Transmutation                1
   b - Sticks to Snakes               Transmutation                2
   c - Spider Form                    Transmutation/Poison         3
   d - Ice Form                       Ice/Transmutation            4
   e - Blade Hands                    Transmutation                5
 t - a book of Cantrips

   Spells                             Type                      Level
   a - Confusing Touch                Hexes                        1
   b - Animate Skeleton               Necromancy                   1
   c - Summon Small Mammal            Summoning                    1
   d - Apportation                    Translocation                1
Comestibles
 c - 3 bread rations
 g - a fruit
 i - 4 meat rations
 l - 4 royal jellies


   Skills:
 - Level 1.0 Fighting
 + Level 4.4 Dodging
 + Level 4.5 Unarmed Combat
 - Level 2.0 Spellcasting
 - Level 2.7 Transmutations
 + Level 3.3 Poison Magic


You had 3 spell levels left.
You knew the following spells:

 Your Spells              Type           Power        Failure   Level  Hunger
a - Beastly Appendage     Tmut           ##....       7%          1    #......
b - Sticks to Snakes      Tmut           ##......     10%         2    ###....
c - Spider Form           Tmut/Pois      ##........   19%         3    ###....


Dungeon Overview and Level Annotations

Branches:
Dungeon (4/15)             Temple (1/1) D:4

Altars:
Cheibriados
Dithmenos
Hepliaklqana
Makhleb
Nemelex Xobeh
Qazlal
Ru
Trog
Vehumet
Xom
Yredelemnul
The Shining One
Jiyva

Annotations:
D:3 rezek's ghost, amateur HaHu


Innate Abilities, Weirdness & Mutations

You cannot wear most types of armour.
You are very stealthy in the water. (Stealth+)
You are amphibious.
You can wear up to eight rings at the same time.
You can use your tentacles to constrict eight enemies at once.
Your skin changes colour to match your surroundings (Stealth+).
Your rubbery body absorbs attacks. (AC +1, EV +1)


Message History

You tentacle-slap the orc priest.
The orc priest is almost dead.
You constrict the orc priest.
You kill the orc priest!
The orc wizard points at you and mumbles some strange words.
The puff of flame hits you!
The orc wizard gestures at you while chanting.
You resist with some effort.
You tentacle-slap the orc wizard. Your grab misses the orc wizard.
The orc wizard is moderately wounded.
The orc wizard gestures at you while chanting.
The magic dart hits you!
* * * LOW HITPOINT WARNING * * *
The orc wizard points at you and mumbles some strange words.
You are confused.
You feel yourself speed up. The orc wizard hits you with a dagger.
* * * LOW HITPOINT WARNING * * *
The orc wizard casts a spell at you. The puff of flame hits you!
You die...

. #.##.....## #...
..# #.##..⌠...#
#.## #.#
#.##......# #.#
#.#######.# # #..
#.### #.# #.#
#...#####.# #.#
#.........# #.#
#########..?#######
#<# ...o...@.).##
..# .....)o)...#
..# ############
..# .## .... .###.#
.. ..#


You could see 2 orc wizards.

Vanquished Creatures
  An ogre (D:4)
  2 orc priests (D:4)
  10 adders
  An ooze (D:1)
  A worm (D:2)
  2 dart slugs
  4 leopard geckos
  11 orcs
  A ball python (D:2)
  2 giant cockroaches (D:2)
  8 goblins
  5 hobgoblins
  3 jackals (D:1)
  6 quokkas
  5 bats
  5 frilled lizards
  9 kobolds
  4 rats
80 creatures vanquished.

Vanquished Creatures (collateral kills)
  A worm (D:2)
1 creature vanquished.

Grand Total: 81 creatures vanquished

Notes
Turn   | Place    | Note
-------+----------+-------------------------------------------
     0 | D:1      | Llamatron the Octopode Transmuter began the quest for the Orb.
     0 | D:1      | Reached XP level 1. HP: 13/13 MP: 3/3
   623 | D:1      | Reached XP level 2. HP: 18/18 MP: 3/5
   924 | D:1      | Reached XP level 3. HP: 13/23 MP: 4/6
  1559 | D:2      | Learned a level 2 spell: Sticks to Snakes
  1563 | D:2      | Learned a level 3 spell: Spider Form
  1818 | D:2      | Reached XP level 4. HP: 28/28 MP: 3/7
  2394 | D:2      | Reached skill level 1 in Poison Magic
  2447 | D:2      | Found a hazy altar of Hepliaklqana.
  2821 | D:3      | Reached XP level 5. HP: 13/33 MP: 4/8
  3811 | D:3      | Noticed rezek's ghost (amateur HaHu)
  4065 | D:4      | Noticed an ogre
  4077 | D:4      | Killed an ogre
  4077 | D:4      | Reached XP level 6. HP: 26/38 MP: 5/9
  4252 | D:4      | Found a staircase to the Ecumenical Temple.
  4282 | Temple   | Entered the Ecumenical Temple
  4414 | Temple   | Became a worshipper of Jiyva Jotiam the Shapeless
  4466 | D:4      | Killed from afar by an orc wizard

Skill      XL: |  1  2  3  4  5  6 |
---------------+-------------------+-----
Dodging        | 3 4 |  4.4
Poison Magic   | 1 2 3 |  3.3
Unarmed Combat | 4 |  4.5
Fighting       | |  1.0
Spellcasting   | |  2.0
Transmutations | |  2.7

Action                   |  1- 3 |  4- 6 || total
-------------------------+-------+-------++-------
Melee: Unarmed           |    74 |   130 ||   204
       Constrict         |    20 |    22 ||    42
       Kick              |    10 |    15 ||    25
       Tentacles         |     8 |    11 ||    19
       Punch             |       |     2 ||     2
 Cast: Beastly Appendage |    10 |     7 ||    17
       Sticks to Snakes  |     2 |     3 ||     5
       Spider Form       |       |     5 ||     5
  Use: Scroll            |       |    11 ||    11
       Potion            |       |     2 ||     2
 Stab: Sleeping          |     8 |     4 ||    12
       Distracted        |       |     1 ||     1
  Eat: Chunk             |     3 |     9 ||    12
       Fruit             |       |     1 ||     1
Armor: Skin              |    11 |     6 ||    17
Dodge: Dodged            |    47 |    84 ||   131
